 Dungeon Crawl Stone Soup version 0.31-a0-435-g2c6fae2916 (webtiles) character file.

Game seed: 13804393378432624625

7 spiderkeys the Covered (level 1, -1/19 HPs)
             Began as an Armataur Fighter on Aug 1, 2023.
             Slain by a jackal (2 damage)
             ... on level 1 of the Dungeon.
             The game lasted 00:00:47 (134 turns).

spiderkeys the Covered (Armataur Fighter)            Turns: 134, Time: 00:00:47

Health: -1/19      AC:  7    Str: 21    XL:     1   Next: 91%
Magic:  1/1        EV:  7    Int:  8    God:
Gold:   18         SH:  4    Dex:  9    Spells: 0/0 levels left

rFire   . . .        a - +0 flail
rCold   . . .        c - +0 buckler
rNeg    . . .        b - +0 scale mail
rPois   .            (no helmet)
rElec   .            (no cloak)
rCorr   .            (no gloves)
SInv    .            (no barding)
Will    .....        (no amulet) Stlth
                     (no ring)
HPRegen 0.23/turn    (no ring)
MPRegen 0.07/turn

%: roll
@: no status effects
A: large, rugged brown scales 3, deformed body, armoured tail, roll, long
tongue, awkward tongue
a: no special abilities


You were on level 1 of the Dungeon.
You visited 1 branch of the dungeon, and saw 1 of its levels.

You collected 18 gold pieces.


Innate Abilities, Weirdness & Mutations

You are completely covered in rugged brown scales. (AC +3, +7% HP)
Armour fits poorly on your strangely shaped body.
You have a long armoured tail.
You roll when moving toward enemies. (Rampage)
Your long tongue fully drains potion bottles. (2x potion effects)
Your tongue gives you trouble enunciating. (1.5x scroll delay)


   Skills:
 + Level 2.8 Fighting
 + Level 1.9 Maces & Flails
 + Level 3.8 Armour
 + Level 3.4 Shields


You couldn't memorise any spells.
You didn't know any spells.
Your spell library was empty.

Inventory:

Hand Weapons
 a - a +0 flail (weapon)
Missiles
 f - 5 stones
Armour
 b - a +0 scale mail (worn)
 c - a +0 buckler (worn)
Potions
 d - a potion of might
 e - a potion of enlightenment {unknown}

Dungeon Overview and Level Annotations

Branches:
Dungeon (1/15) Zot: 5858

Altars:

#.#............
#.....#.......#
###.#.#.#######
#.#.#.# #.#.#.#
#####.#.#.#
......#.#.#####
#.....†..hh...#
.........#@...#
......(..#....#
.........#....#
.........#....#
.........##.###
.######### ..
##


You could see 2 jackals.


Message History

You barely miss the quokka. You tail-slap the quokka.
You kill the quokka!
No target in view!
No target in view!
A jackal comes into view.
The jackal barks!
A jackal comes into view.
There are monsters nearby! 2 jackals come into view.
The jackal barks! x2
The jackal pauses to sniff the ground.
Press: ? - help, v - describe, . - travel The floor.
There are monsters nearby!
You roll towards the jackal!
You closely miss the jackal. The jackal bites you. x2
The jackal bites you but does no damage. 😕 HP[-3]
You take 3 damage, and now have 16/19 hp.
You miss the jackal. The jackal closely misses you.
The jackal barely misses you. The jackal completely misses you.
The jackal bites you.
The jackal bites you but does no damage.
The jackal barely misses you. You block the jackal's attack. 😮 HP[-2]
You take 2 damage, and now have 14/19 hp.
You are too injured to fight recklessly!
You are too injured to fight recklessly!
You are too injured to fight recklessly!
You hit the jackal.
The jackal bites you but does no damage. x3
The jackal bites you.
The jackal bites you but does no damage. x2
The jackal bites you. x2
* * * LOW HITPOINT WARNING * * *
😨 HP[-5]
You take 5 damage, and now have 9/19 hp.
MASSIVE DAMAGE!! (PAUSE)
You barely miss the jackal. You tail-slap the jackal.
The jackal completely misses you.
The jackal bites you but does no damage. x2
You block the jackal's attack. The jackal barely misses you.
The jackal bites you but does no damage.
The jackal bites you.
* * * LOW HITPOINT WARNING * * *
The jackal bites you but does no damage. 😨 HP[-1]
You take 1 damage, and now have 8/19 hp.
You sock the jackal!
You kill the jackal!
The jackal closely misses you. You block the jackal's attack.
The jackal bites you.
* * * LOW HITPOINT WARNING * * *
The jackal barely misses you.
The jackal bites you but does no damage.
The jackal barely misses you. 😨 HP[-1]
You take 1 damage, and now have 7/19 hp.
You barely miss the jackal. The jackal bites you.
* * * LOW HITPOINT WARNING * * *
The jackal bites you.
* * * LOW HITPOINT WARNING * * *
The jackal bites you but does no damage.
The jackal bites you.
* * * LOW HITPOINT WARNING * * *
You block the jackal's attack. x2 😱 HP[-5]
You take 5 damage, and now have 2/19 hp.
MASSIVE DAMAGE!! (PAUSE)
The jackal attacks as you move away!
The jackal bites you but does no damage. 😱 HP[+1]
The jackal attacks as you move away! The jackal barely misses you.
The jackal bites you but does no damage.
The jackal barely misses you. The jackal attacks as you move away!
You block the jackal's attack.
You closely miss the jackal. You tail-slap the jackal.
The jackal bites you but does no damage.
The jackal bites you.
* * * LOW HITPOINT WARNING * * *
😱 HP[-1]
You take 1 damage, and now have 2/19 hp.
You sock the jackal!
You kill the jackal!
The jackal bites you but does no damage.
You block the jackal's attack.
You closely miss the jackal.
Your tail-slap misses the jackal.
The jackal barely misses you. The jackal completely misses you.
You barely miss the jackal.
The jackal bites you but does no damage. x4
You closely miss the jackal.
Your tail-slap misses the jackal.
The jackal completely misses you. The jackal bites you.
* * * LOW HITPOINT WARNING * * *
The jackal closely misses you. 😱 HP[-1]
You take 1 damage, and now have 1/19 hp.
You barely miss the jackal.
The jackal bites you but does no damage.
The jackal bites you.
You die...

Action                     || total
---------------------------++-------
  Melee: Flail             ||    19
         Tailslap          ||     4
 Armour: Scale mail        ||    30
  Dodge: Dodged            ||    16
  Block: Buckler           ||     8

Levels and vault maps discovered:
D:1:      dpeg_arrival_prison, layout_basic, minmay_hexomino_f4

Notes
Turn   | Place    | Note
-------+----------+-------------------------------------------
     0 | D:1      | spiderkeys the Armataur Fighter began the quest for the
                  | Orb.
     0 | D:1      | Reached XP level 1. HP: 19/19 MP: 1/1
     0 | D:1      | magus.rc [v1.11.6]
   125 | D:1      | HP: 2/19 [jackal (3)]
   133 | D:1      | HP: 1/19 [jackal (2)]
   134 | D:1      | Slain by a jackal

Vanquished Creatures
  A bat (D:1)
  2 jackals (D:1)
  A quokka (D:1)
  A ball python (D:1)
  2 rats (D:1)
7 creatures vanquished.

Table legend:
 A = Non-vault XP
 B = Vault XP
 C = Vault XP percentage of total XP
 D = Non-vault monster count
 E = Vault monster count
 F = Vault count percentage of total count
                 A         B        C        D         E       F
            +---------+---------+-------+---------+---------+-------
      Total |       9 |       2 |  18.2 |       5 |       2 |  28.6
            +---------+---------+-------+---------+---------+-------
        D:1 |       9 |       2 |  18.2 |       5 |       2 |  28.6
            +---------+---------+-------+---------+---------+-------

Action                     || total
---------------------------++-------
  Melee: Flail             ||    19
         Tailslap          ||     4
 Armour: Scale mail        ||    30
  Dodge: Dodged            ||    16
  Block: Buckler           ||     8

Illustrated notes

Table legend:
 A = Kills in this place as a percentage of kills in the entire game.
 B = Kills by you in this place as a percentage of kills by you in the entire game.
 C = Kills by friends in this place as a percentage of kills by friends in the entire game.
 D = Other kills in this place as a percentage of other kills in the entire game.
 E = Experience gained in this place as a percentage of experience gained in the entire game.
 F = Experience gained in this place divided by the number of levels of this place that you have seen.
                   A       B       C       D       E      F
               +-------+-------+-------+-------+-------+----------------------
         Total | 100.0 | 100.0 |   N/A |   N/A | 100.0 |  11.0
       Dungeon | 100.0 | 100.0 |   N/A |   N/A | 100.0 |  11.0
               +-------+-------+-------+-------+-------+----------------------

Table legend: (Time is in decaauts)
 A = Elapsed time spent in this place.
 B = Non-inter-level travel time spent in this place.
 C = Inter-level travel time spent in this place.
 D = Time resting spent in this place.
 E = Time spent auto-exploring this place.
 F = Levels seen in this place.
 G = Mean time per level.
                   A        B        C        D        E       F      G
               +--------+--------+--------+--------+--------+-----+--------+
         Total |    140 |    140 |      0 |      0 |    103 |   1 |  140.0 |
       Dungeon |    140 |    140 |      0 |      0 |    103 |   1 |  140.0 |
               +--------+--------+--------+--------+--------+-----+--------+

Top non-repeatable levels by time:
     D:1: 140 daAuts
